 Dungeon Crawl Stone Soup version 0.31.0-9-g3a7656b989 (webtiles) character file.

Game seed: 10603042218515553320

343 Gottschkopf the Conjurer (level 6, -4/32 HPs)
             Began as a Deep Elf Conjurer on Feb 3, 2024.
             Was an Initiate of Sif Muna.
             Slain by an ice beast (6 damage)
             ... on level 4 of the Dungeon.
             The game lasted 00:06:42 (3432 turns).

Gottschkopf the Conjurer (Deep Elf Conjurer)        Turns: 3432, Time: 00:06:43

Health: -4/32      AC:  2    Str:  4    XL:     6   Next: 31%
Magic:  6/13       EV: 17    Int: 25    God:    Sif Muna [......]
Gold:   259        SH:  0    Dex: 13    Spells: 5/12 levels left

rFire   . . .        b - +2 dagger (drain)
rCold   . . .        (no shield)
rNeg    . . .        a - +0 robe
rPois   .            (no helmet)
rElec   .            (no cloak)
rCorr   .            (no gloves)
SInv    .            (no boots)
Will    .....        (no amulet)
Stlth   ++           i - +5 ring of evasion
HPRegen 0.25/turn    (no ring)
MPRegen 0.13/turn

%: no passive effects
@: very slightly contaminated
A: no striking features
a: Renounce Religion


You were on level 4 of the Dungeon.
You worshipped Sif Muna.
Sif Muna was noncommittal.
You visited 2 branches of the dungeon, and saw 5 of its levels.

You collected 259 gold pieces.

Inventory:

Hand Weapons
 b - a +2 dagger of draining (weapon)
 h - a +0 dagger of venom
Missiles
 j - 3 curare-tipped darts
Armour
 a - a +0 robe (worn)
Jewellery
 i - a +5 ring of evasion (left hand)
Scrolls
 d - a scroll of torment {unknown}
 k - a scroll of enchant armour {unknown}
 l - a scroll of identify {unknown}
 m - a scroll of revelation {unknown}
 n - a scroll of enchant weapon {unknown}
 p - 2 scrolls of vulnerability {unknown}
 q - a scroll of butterflies {unknown}
Potions
 c - 2 potions of brilliance {unknown}
 e - 2 potions of curing {unknown}
 f - a potion of lignification {unknown}
 g - a potion of mutation {unknown}
 o - a potion of attraction {unknown}
 r - a potion of haste {unknown}
 s - a potion of resistance


   Skills:
 - Level 2.4 Dodging
 - Level 2.4 Stealth
 - Level 3.8 Spellcasting
 * Level 7.5 Conjurations
 + Level 2.7 Alchemy


You had 5 spell levels left.
You knew the following spells:

 Your Spells              Type           Power      Damage    Failure   Level
a - Magic Dart            Conj           100%       1d8       1%          1
b - Searing Ray           Conj           84%        2d7       1%          2
c - Fulminant Prism       Conj/Alch      15%        3d10      11%         4

Your spell library contained the following spells:

 Spells                   Type           Power      Damage    Failure   Level
 Sublimation of Blood     Necr           4%         N/A       14%         2
 Iskenderun's Mystic Bla  Conj/Tloc      23%        2d6       21%         4
 Irradiate                Conj/Alch      15%        3d16      30%         5
 Petrify                  Alch/Erth      11%        N/A       45%         4
 Manifold Assault         Tloc           4%         N/A       67%         4
 Dispersal                Tloc           2%         N/A       100%        6
 Disjunction              Tloc           2%         N/A       100%        8


Dungeon Overview and Level Annotations

Branches:
Dungeon (4/15)             Temple (1/1) D:4

Altars:
Ashenzari
Cheibriados
Dithmenos
Fedhas
Gozag
Kikubaaqudgha
Makhleb
Nemelex Xobeh
Okawaru
Sif Muna
Uskayaw
Xom
Zin
The Shining One

Annotations:
D:4 1 transporter


Message History

Things that are here:
a +0 dagger; an orc skeleton You see here 4 poisoned darts.
There is a transporter here.
You enter the transporter and appear at another place.
s - a potion of resistance You open the gate.
Casting: Magic Dart (safe; 1% risk of failure)
Confirm with . or Enter, or press ? or * to list all spells.
Aiming: Fulminant Prism (quite dangerous; 11% risk of failure)
Press: ? - help, Dir - move target You miscast Fulminant Prism.
You are very lightly contaminated with residual magic.
The air around you crackles with energy!
The ice beast hits you. The ice beast freezes you!
The ice beast attacks as it pursues you!
The ice beast closely misses you.
The ice beast attacks as it pursues you!
The ice beast closely misses you.
Casting: Fulminant Prism (quite dangerous; 11% risk of failure)
Confirm with . or Enter, or press ? or * to list all spells.
Aiming: Fulminant Prism (quite dangerous; 11% risk of failure)
Press: ? - help, Dir - move target You conjure a prism of explosive energy!
A fulminant prism comes into view.
The ice beast hits you but does no damage.
Your fulminant prism crackles loudly.
Your fulminant prism explodes!
The blast of energy engulfs the ice beast!
The ice beast is heavily wounded.
The blast of energy engulfs the ice beast!
The ice beast is heavily wounded.
There is a transporter landing site here.
The ice beast closely misses you. The ice beast hits you.
The ice beast freezes you!
* * * LOW HITPOINT WARNING * * *
The ice beast hits you.
* * * LOW HITPOINT WARNING * * *
The ice beast freezes you.
You die...

.###..###.......#......###.^#
#.. .#...## #.......#......#
##.###.# ...###
#.......#......# #.....# ...#
##.......#.####### ####..#
...# #..#########.○.°☼# #.##
...# #.###°○○°°○#.○☼.☼# #.#
...# #...#.°○○°○#☼°°°☼####
#.# ####
#...#☼○#.#.☼☼°.$(#..###.#
#..©#☼○©Y@.○○°.)©#©.....#
##..#○☼#Y#.○.○.$)#..#####
####○○☼○○°#○○☼☼☼####
#○○○°○☼#.☼○○○# ########.○○Y.#
######


You could see 3 ice beasts.

Vanquished Creatures
  A phantom (D:4)
  Blork the orc (D:4)
  An iguana (D:3)
  2 orc wizards (D:4)
  3 gnolls (D:3)
  4 adders
  3 dart slugs
  3 orcs
  2 ball pythons
  4 endoplasms
  3 giant cockroaches
  6 goblins
  5 hobgoblins
  3 quokkas
  5 bats
  A frilled lizard (D:3)
  6 kobolds
  4 rats
57 creatures vanquished.

Vanquished Creatures (others)
  4 fulminant prisms (D:4)
4 creatures vanquished.

Grand Total: 61 creatures vanquished

Notes
Turn   | Place    | Note
-------+----------+-------------------------------------------
     0 | D:1      | Gottschkopf the Deep Elf Conjurer began the quest for the
                  | Orb.
     0 | D:1      | Reached XP level 1. HP: 10/10 MP: 6/6
   227 | D:1      | Reached XP level 2. HP: 15/15 MP: 6/8
   250 | D:1      | Reached skill level 5 in Conjurations
   766 | D:2      | Learned a level 2 spell: Searing Ray
   960 | D:2      | Reached XP level 3. HP: 19/19 MP: 7/9
  1082 | D:2      | Found a blossoming altar of Fedhas.
  1838 | D:3      | Reached XP level 4. HP: 24/24 MP: 7/11
  1840 | D:3      | Reached skill level 6 in Conjurations
  1997 | D:3      | Learned a level 4 spell: Fulminant Prism
  2255 | D:3      | Reached skill level 1 in Alchemy
  2459 | D:3      | Reached XP level 5. HP: 28/28 MP: 8/12
  2684 | D:4      | Noticed a phantom
  2691 | D:4      | Killed a phantom
  2692 | D:4      | Reached skill level 7 in Conjurations
  2843 | D:4      | Found a staircase to the Ecumenical Temple.
  2852 | Temple   | Entered the Ecumenical Temple
  2867 | Temple   | Became a worshipper of Sif Muna the Loreminder
  3020 | D:4      | Found an iron altar of Okawaru.
  3054 | D:4      | Noticed Blork the orc
  3069 | D:4      | Killed Blork the orc
  3070 | D:4      | Reached XP level 6. HP: 5/32 MP: 8/13
  3209 | D:4      | Found a transporter.
  3337 | D:4      | Found a transporter.
  3341 | D:4      | Noticed an ice beast
  3341 | D:4      | Noticed an ice beast
  3341 | D:4      | Noticed an ice beast
  3432 | D:4      | Slain by an ice beast

Illustrated notes

Levels and vault maps discovered:
D:1:      dpeg_arrival_shrine, layout_basic
D:2:      layout_basic, serial_glass, glass_columns_c, glass_columns_c,
          basic_altar
D:3:      layout_loops_cross, minmay_door_square
D:4:      gammafunk_cloud_chamber, layout_rooms, kennysheep_mini_moat,
          temple_statues, uniq_blork_the_orc
Temple:   nicolae_temple_god_jail

Skill      XL: |  1  2  3  4  5 |
---------------+----------------+-----
Conjurations   | 5 6 7 |  7.5
Alchemy        | 1 2 |  2.7
Dodging        | |  2.4
Stealth        | |  2.4
Spellcasting   | |  3.8

Action                     |  1- 3 |  4- 6 || total
---------------------------+-------+-------++-------
   Cast: Magic Dart        |    68 |    36 ||   104
         Searing Ray       |     1 |     4 ||     5
         Fulminant Prism   |       |     4 ||     4
    Use: Potion            |       |     1 ||     1
 Armour: Robe              |     2 |    10 ||    12
  Dodge: Dodged            |     5 |    11 ||    16
